Map: Magannatha LE

Players

pinkhot

  • Race: Terran Terran
  • League: Gold
  • Spawn Location: 11:00

HandleyHFour - Winner!

  • Race: Zerg Zerg
  • League: Bronze
  • Spawn Location: 5:00

VOD

Have the link to the VOD?

Description

Time

  • Played on: June 20, 2025, 1:46 a.m.
  • Length: 22:29
Show
View Real Time Build Order
Export as new Build Order

pinkhot Terran 

Build Orders:  

Get SALT Encoding   

  12  0:05  SCV  
  13  0:17  SCV  
  14  0:22  Supply Depot  
  14  0:29  SCV  
  15  0:44  SCV  
  15  0:45  Barracks  
  16  0:52  Refinery  
  16  0:56  SCV  
  17  1:04  Refinery  
  17  1:08  SCV  
  18  1:20  SCV  
  19  1:32  Supply Depot, Marine, SCV  
  21  1:44  SCV  
  22  1:49  Factory  
  22  1:50  Marine  
  23  1:56  SCV  
  24  2:04  Supply Depot  
  24  2:12  Barracks Reactor  
  24  2:17  SCV  
  25  2:33  Hellion  
  27  2:38  Supply Depot  
  27  2:49  Starport  
  27  2:50  Marine x2  
  29  3:19  Armory  
  29  3:23  Hellion  
  29  3:24  Hellion  
  33  3:27  Medivac  
  35  3:34  Marine  
  36  3:45  Hellion x2, Supply Depot  
  40  3:52  Marine  
  41  3:57  Medivac  
  41  4:00  Starport  
  43  4:08  Terran Vehicle Weapons Level 1  
  43  4:13  Barracks Tech Lab  
  43  4:27  Viking  
  45  4:41  Viking  
  47  4:48  Supply Depot  
  47  4:58  Starport Tech Lab  
  47  5:14  Starport Tech Lab  
  47  5:24  Siege Tank  
  47  5:25  Marine x2  
  52  5:43  Marine x2  
  52  5:47  Raven  
  52  5:49  Command Center  
  56  6:01  Marine x2  
  56  6:03  Terran Ship Weapons Level 1  
  54  7:07  Viking x2  
  58  7:14  Marine  
  58  7:15  Marine  
  58  7:21  Engineering Bay  
  56  7:32  Marine  
  56  7:33  Marine  
  58  7:37  Viking x2  
  62  7:50  Marine x2  
  60  7:57  Terran Vehicle And Ship Armor Level 1  
  52  8:07  Viking x2  
  52  8:09  Siege Tank  
  52  8:12  Terran Infantry Weapons Level 1  
  59  8:26  Orbital Command  
  58  8:54  Supply Depot  
  58  8:56  Supply Depot  
  58  8:57  Missile Turret  
  58  9:09  Viking x2  
  62  9:20  Missile Turret, Factory Tech Lab  
  62  9:30  Supply Depot  
  62  9:32  Supply Depot  
  62  9:52  Barracks  
  62  9:57  Starport Tech Lab  
  62  10:01  Starport  
  62  10:02  Starport Tech Lab  
  62  10:06  Factory, Terran Infantry Armor Level 1  
  62  10:22  Siege Tank  
  65  10:29  Refinery  
  65  10:30  SCV  
  66  10:42  SCV  
  67  10:44  Stimpack  
  67  10:54  Barracks, SCV  
  68  10:59  Siege Tank  
  71  11:06  SCV  
  71  11:09  Terran Ship Weapons Level 2  
  72  11:25  Factory Tech Lab  
  72  11:32  Orbital Command  
  72  11:34  Refinery  
  72  11:56  Marine x2  
  72  11:57  Marine x2  
  76  12:14  Marine x4, Viking x3  
  86  12:25  Factory  
  86  12:37  Hyperflight Rotors  
  86  12:44  Barracks Reactor  
  86  12:57  Cloaking Field  
  86  13:01  Banshee x2  
  86  13:02  Banshee  
  73  14:30  Marauder, Marine x4  
  79  14:47  Marine  
  79  14:51  Marauder  
  71  15:02  Supply Depot  
  71  15:03  Supply Depot  
  71  15:12  Siege Tank x2  
  71  15:13  Marauder  
  79  15:21  Marine  
  79  15:22  Marine  
  79  15:26  Bunker x2  
  81  15:34  Marauder  
  83  15:40  SCV  
  84  15:49  Medivac x2, Liberator  
  91  15:52  SCV  
  91  15:56  Marauder  
  94  16:04  SCV  
  94  16:07  Supply Depot  
  95  16:11  Command Center  
  95  16:30  Marine x2  
  97  16:50  Widow Mine x3  
  103  17:11  Widow Mine x3  
  103  17:15  Terran Ship Weapons Level 3  
  109  17:21  Starport  
  109  17:22  Starport Tech Lab  
  109  17:32  Orbital Command  
  109  17:41  Planetary Fortress  
  109  18:05  Barracks  
  109  18:08  Starport Tech Lab  
  109  18:11  Barracks, Terran Infantry Weapons Level 2, Starport Tech Lab  
  109  18:37  SCV  
  110  18:45  Siege Tank x2  
  110  18:46  Siege Tank  
  111  18:49  SCV  
  108  19:01  SCV  
  109  19:05  Marine x5  
  114  19:13  SCV  
  115  19:22  Marine  
  115  19:23  Marine x4  
  120  19:40  Marine  
  120  19:41  Marauder, Marine x3  
  123  19:52  Terran Vehicle Weapons Level 2  
  123  19:58  Marine  
  123  19:59  Marine x3  
  127  20:03  Marauder  
  129  20:16  Marine x4  
  133  20:21  Missile Turret  
  133  20:38  Marauder  
  88  20:54  Command Center  
  80  20:59  Marauder  
  82  21:13  Missile Turret  
  82  21:19  Marine x2  
  82  21:20  Marine  
  82  21:44  Missile Turret  
Show
View Real Time Build Order
Export as new Build Order

HandleyHFour Zerg - Winner!

Build Orders: Hatch First 

Get SALT Encoding   

  12  0:00  Drone  
  13  0:09  Drone  
  14  0:18  Overlord  
  14  0:41  Drone  
  15  0:44  Hatchery  
  14  0:51  Drone x2  
  16  1:08  Spawning Pool  
  16  1:10  Drone  
  16  1:13  Drone  
  16  1:16  Drone  
  18  1:21  Extractor  
  17  1:29  Drone  
  18  1:35  Drone  
  19  1:47  Overlord  
  19  1:56  Zergling x2  
  19  1:57  Queen  
  19  1:58  Queen  
  24  2:04  Drone  
  25  2:25  Metabolic Boost  
  25  2:27  Drone x2  
  25  2:28  Drone x2  
  29  2:31  Drone  
  29  2:32  Drone  
  31  3:01  Spore Crawler  
  31  3:03  Drone x3  
  31  3:04  Drone x3  
  36  3:07  Spore Crawler  
  36  3:10  Spore Crawler  
  34  3:15  Spore Crawler  
  34  3:16  Drone x3  
  34  3:19  Lair  
  36  3:39  Hatchery, Overlord x2  
  35  3:42  Drone  
  35  3:48  Extractor, Drone  
  36  4:01  Queen  
  38  4:05  Drone x2  
  38  4:06  Drone x5  
  45  4:34  Spire  
  44  4:40  Drone  
  44  4:41  Drone  
  44  4:42  Drone x6  
  44  4:45  Overlord x3  
  52  4:52  Hydralisk Den  
  51  4:53  Drone  
  52  5:04  Extractor  
  51  5:08  Extractor  
  51  5:09  Overlord  
  51  5:10  Overlord  
  50  5:27  Queen  
  52  5:33  Hydralisk x2  
  52  5:34  Hydralisk x4  
  64  5:40  Drone x3  
  67  5:56  Spore Crawler, Drone  
  67  5:57  Drone x8  
  75  6:20  Corruptor x3  
  75  6:21  Corruptor  
  78  6:29  Hydralisk  
  61  6:46  Zergling x10  
  61  6:47  Hydralisk x2, Zergling x6  
  59  6:50  Drone x2  
  60  6:56  Zergling x6  
  60  7:00  Queen  
  41  7:14  Zergling x8  
  41  7:19  Zergling x4  
  37  7:29  Zergling x2  
  36  7:33  Hydralisk  
  38  7:44  Hydralisk  
  36  7:55  Zergling x8  
  35  8:09  Drone x2  
  35  8:10  Drone  
  38  8:17  Drone x2  
  40  8:21  Hatchery  
  39  8:32  Queen  
  39  8:33  Drone x2  
  43  8:36  Drone x2  
  41  8:59  Zergling x4  
  41  9:00  Zergling x4  
  45  9:08  Drone x4  
  49  9:28  Hatchery  
  49  9:31  Hydralisk  
  48  9:34  Drone x2  
  53  9:38  Drone x4  
  53  9:39  Drone x3  
  53  9:41  Queen  
  61  9:45  Drone  
  61  9:46  Drone x2  
  64  9:55  Zergling x4  
  66  10:12  Drone  
  66  10:13  Drone x6  
  66  10:14  Drone  
  74  10:24  Overlord x2  
  74  10:25  Overlord x3  
  74  10:41  Overlord x2  
  74  10:42  Overlord  
  74  10:44  Grooved Spines  
  74  10:47  Evolution Chamber  
  74  10:49  Evolution Chamber, Drone x2  
  74  10:50  Drone x2  
  74  10:51  Zergling x10, Drone  
  74  10:55  Overseer  
  82  11:01  Drone x2  
  84  11:07  Queen, Drone x3  
  89  11:18  Hydralisk x4  
  89  11:19  Zergling x6  
  89  11:20  Zergling x2  
  89  11:25  Roach Warren  
  100  11:46  Hydralisk x4  
  108  11:47  Zergling x6  
  108  11:48  Zergling x2  
  112  11:58  Drone x3  
  112  11:59  Drone x4  
  112  12:00  Drone x2  
  121  12:13  Extractor  
  120  12:15  Extractor  
  120  12:22  Hydralisk x3  
  119  12:23  Zergling x8  
  119  12:24  Roach  
  119  12:29  Zerg Melee Weapons Level 1  
  131  12:30  Zerg Missile Weapons Level 1  
  131  12:36  Muscular Augments  
  131  12:41  Zergling x6  
  131  12:43  Overlord x4  
  131  12:44  Overlord x2  
  134  12:46  Pneumatized Carapace  
  134  12:54  Drone x4  
  138  13:00  Mutalisk  
  138  13:03  Zergling x12  
  146  13:27  Roach x4  
  146  13:28  Corruptor x3, Roach  
  162  13:40  Overlord x7  
  162  13:41  Overlord  
  152  14:17  Overlord x6  
  152  14:18  Overlord x6  
  152  14:28  Spore Crawler  
  152  14:29  Spore Crawler  
  150  14:33  Spore Crawler  
  150  14:35  Spore Crawler  
  148  14:39  Corruptor x2  
  148  14:40  Corruptor x2  
  124  14:58  Zergling x14  
  131  15:06  Hydralisk, Zergling x2  
  131  15:07  Zergling x6  
  137  15:26  Zerg Melee Weapons Level 2  
  137  15:28  Zerg Ground Armor Level 1  
  137  15:30  Zergling x4  
  137  15:31  Zergling x12  
  141  16:04  Corruptor x3  
  141  16:05  Mutalisk x4  
  141  16:06  Corruptor x4  
  141  16:07  Mutalisk, Roach  
  167  16:23  Corruptor x3  
  173  16:36  Hatchery  
  173  16:38  Infestation Pit  
  173  16:39  Glial Reconstitution  
  171  17:04  Mutalisk  
  171  17:05  Mutalisk x8  
  189  17:11  Hydralisk x5  
  199  17:20  Extractor  
  198  17:23  Extractor  
  197  18:03  Hive  
  197  18:06  Zerg Missile Weapons Level 2  
  197  18:07  Zerg Ground Armor Level 2  
  197  18:36  Spore Crawler  
  197  18:39  Spore Crawler  
  183  18:58  Overseer x2  
  183  18:59  Overseer  
  181  19:30  Spore Crawler  
  176  19:36  Spore Crawler  
  167  19:47  Spore Crawler x2  
  167  19:50  Spore Crawler  
  164  19:52  Spore Crawler  
  164  19:53  Hydralisk x2  
  164  19:54  Hydralisk x3  
  164  19:55  Zergling x12  
  164  19:56  Mutalisk x5  
  164  19:57  Corruptor x5  
  199  20:02  Spore Crawler  
  177  20:47  Hydralisk, Zergling x4  
  177  20:48  Hydralisk x4, Mutalisk, Zergling x6  
  177  20:49  Mutalisk, Roach x3  
  140  20:50  Corruptor x2, Hydralisk x3  
  140  20:51  Zergling x2  
  140  20:52  Roach x2  
  121  20:59  Zergling x4  
  121  21:05  Queen  
  121  21:08  Hydralisk x2, Zergling x2  
  121  21:09  Zergling x2  
  129  21:22  Zergling x8  
  129  21:23  Zergling x6  
  133  21:37  Zergling x10  
  133  21:38  Zergling x10  
  137  21:43  Drone x2  
  139  21:53  Drone  
  139  21:54  Drone x2  
  142  21:59  Drone  
  143  22:04  Drone x2  
  143  22:06  Drone  
  145  22:21  Unknown  
Tags
 
Matchup
TvZ
Spawn Locations
Cross Positions
Add a new tag
Caveats
  • Supply blocks, unpowered buildings, or Contaminate may cause inaccurate times.
  • Supply counts are checked every 10 seconds.